TOP OF THE 1ST |
Vancouver Grey Wolves batting - Pitching for Boston Patriots : RHP Alberto López
|
Pitching: RHP Alberto López
|
|
Batting: LHB Michael Malloy
|
0-0: Fly out, F8 (Flyball, 8LM, EV 88.8 MPH)
|
Batting: LHB Johan Kroening
|
0-0: Called Strike 0-1: Foul Ball, location: 2F 0-2: Ground out 1-3 (Groundball, P, EV 86.9 MPH)
|
Batting: LHB Cameron Woolever
|
0-0: Ball 1-0: Foul Ball, location: 2F 1-1: Ball 2-1: Ball 3-1: Fly out, F7 (Flyball, 7D, EV 83.8 MPH)
|
Top of the 1st over - 0 runs, 0 hits, 0 errors, 0 left on base; Vancouver 0 - Boston 0 |
BOTTOM OF THE 1ST |
Boston Patriots batting - Pitching for Vancouver Grey Wolves : RHP Kenny Aarnoutse
|
Pitching: RHP Kenny Aarnoutse
|
|
Batting: RHB Roland Deschain
|
0-0: Foul Ball, location: 2F 0-1: Foul Ball, location: 2F 0-2: Ball 1-2: Foul Ball, location: 2F 1-2: Foul Ball, location: 2F 1-2: Ball 2-2: Ball 3-2: Ground out 6-3 (Groundball, 6D, EV 99.4 MPH)
|
Batting: SHB Temaki Yuka
|
0-0: Ball 1-0: SOLO HOME RUN (Flyball, 8LXD, EV 103.8 MPH), Distance : 479 ft
|
Batting: LHB Freddy Díaz
|
0-0: Called Strike 0-1: Ball 1-1: Ball 2-1: Ball 3-1: Base on Balls
|
Batting: SHB Edward Sterrenburg
|
0-0: DOUBLE (Flyball, 89D, EV 90.6 MPH) Freddy Díaz to third Runner from 3rd tries for Home, SAFE, throw by CF to home
|
Batting: LHB Juan Andrés Martí
|
0-0: Foul Ball, location: 2F 0-1: Ball 1-1: SINGLE (Groundball, 56, EV 100.6 MPH) (infield hit) Edward Sterrenburg to third
|
Batting: SHB Eisse van Opdorp
|
0-0: Ball Juan Andrés Martí is caught stealing 2nd base 2-6 1-0: Ball 2-0: Called Strike 2-1: Fly out, F4 (Line Drive, 4, EV 65.6 MPH)
|
Bottom of the 1st over - 2 runs, 3 hits, 0 errors, 1 left on base; Vancouver 0 - Boston 2 |
TOP OF THE 2ND |
Vancouver Grey Wolves batting - Pitching for Boston Patriots : RHP Alberto López
|
Batting: LHB Gene Ricks
|
0-0: Ball 1-0: Ball 2-0: Foul Ball, location: 2F 2-1: Foul Ball, location: 2F 2-2: Strikes out looking
|
Batting: LHB Henry Buckley
|
0-0: Ball 1-0: Ball 2-0: Foul Ball, location: 2F 2-1: Called Strike 2-2: Ball 3-2: Strikes out looking
|
Batting: SHB Tony Manzanares
|
0-0: Called Strike 0-1: Foul Ball, location: 2F 0-2: Strikes out looking
|
Top of the 2nd over - 0 runs, 0 hits, 0 errors, 0 left on base; Vancouver 0 - Boston 2 |
BOTTOM OF THE 2ND |
Boston Patriots batting - Pitching for Vancouver Grey Wolves : RHP Kenny Aarnoutse
|
Batting: RHB Brevyn Spann-Ford
|
0-0: Ground out 6-3 (Groundball, 6, EV 85.0 MPH)
|
Batting: RHB Joe Aller
|
0-0: Ball 1-0: Foul Ball, location: 2F 1-1: Ball 2-1: Foul Ball, location: 2F 2-2: Foul Ball, location: 2F 2-2: Ball 3-2: Foul Ball, location: 2F 3-2: Fly out, F7 (Line Drive, 7, EV 106.9 MPH)
|
Batting: RHB Yu-shu Kang
|
0-0: Ball 1-0: SINGLE (Groundball, 56, EV 100.6 MPH) (infield hit)
|
Batting: RHB Roland Deschain
|
0-0: Foul Ball, location: 2F 0-1: Ball 1-1: Ball 2-1: Called Strike 2-2: SINGLE (Groundball, 6MD, EV 98.8 MPH) Yu-shu Kang to second Runner from 2nd tries for 3rd, SAFE, throw by CF made to third
|
Batting: SHB Temaki Yuka
|
0-0: Ball 1-0: Ball 2-0: Swinging Strike 2-1: SINGLE (Groundball, 34D, EV 99.4 MPH) Yu-shu Kang scores Roland Deschain to second Runner from 2nd tries for 3rd, OUT! 9-5
|
Bottom of the 2nd over - 1 run, 3 hits, 0 errors, 1 left on base; Vancouver 0 - Boston 3 |
TOP OF THE 3RD |
Vancouver Grey Wolves batting - Pitching for Boston Patriots : RHP Alberto López
|
Batting: LHB Derek Corbin
|
0-0: Ball 1-0: Ground out 5-3 (Groundball, 56, EV 106.2 MPH)
|
Batting: RHB David Stone
|
0-0: Ball 1-0: Swinging Strike 1-1: Swinging Strike 1-2: Foul Ball, location: 2F 1-2: Strikes out swinging
|
Batting: RHB José de la Cavallería
|
0-0: Foul Ball, location: 2F 0-1: Foul Ball, location: 2F 0-2: Ground out 6-3 (Groundball, 6M, EV 106.9 MPH)
|
Top of the 3rd over - 0 runs, 0 hits, 0 errors, 0 left on base; Vancouver 0 - Boston 3 |
BOTTOM OF THE 3RD |
Boston Patriots batting - Pitching for Vancouver Grey Wolves : RHP Kenny Aarnoutse
|
Batting: LHB Freddy Díaz
|
0-0: Ball 1-0: Ball 2-0: Called Strike 2-1: Foul Ball, location: 2F 2-2: Strikes out swinging
|
Batting: SHB Edward Sterrenburg
|
0-0: Fly out, F7 (Flyball, 7LM, EV 91.2 MPH)
|
Batting: LHB Juan Andrés Martí
|
0-0: Ball 1-0: Ground out 3-1 (Groundball, 34, EV 100.0 MPH)
|
Bottom of the 3rd over - 0 runs, 0 hits, 0 errors, 0 left on base; Vancouver 0 - Boston 3 |
TOP OF THE 4TH |
Vancouver Grey Wolves batting - Pitching for Boston Patriots : RHP Alberto López
|
Batting: LHB Michael Malloy
|
0-0: Ball 1-0: Called Strike 1-1: Foul Ball, location: 2F 1-2: Ball 2-2: Fly out, F7 (Line Drive, 7, EV 88.1 MPH)
|
Batting: LHB Johan Kroening
|
0-0: Called Strike 0-1: Called Strike 0-2: Ball 1-2: Foul Ball, location: 2F 1-2: Foul Ball, location: 2F 1-2: Ball 2-2: Ball 3-2: Foul Ball, location: 2F 3-2: DOUBLE (Flyball, 89XD, EV 93.1 MPH)
|
Batting: LHB Cameron Woolever
|
0-0: Ball 1-0: Foul Ball, location: 2F 1-1: Ball 2-1: Ball 3-1: Foul Ball, location: 2F 3-2: Foul Ball, location: 2F 3-2: Ground out U3 (Groundball, 34, EV 88.8 MPH) Johan Kroening to third
|
Batting: LHB Gene Ricks
|
0-0: Ball 1-0: Called Strike 1-1: Swinging Strike 1-2: Strikes out swinging
|
Top of the 4th over - 0 runs, 1 hit, 0 errors, 1 left on base; Vancouver 0 - Boston 3 |
BOTTOM OF THE 4TH |
Boston Patriots batting - Pitching for Vancouver Grey Wolves : RHP Kenny Aarnoutse
|
Batting: SHB Eisse van Opdorp
|
0-0: Ball 1-0: Ball 2-0: Ball 3-0: Called Strike 3-1: Swinging Strike 3-2: Ground out 5-3 (Groundball, 56, EV 105.6 MPH)
|
Batting: RHB Brevyn Spann-Ford
|
0-0: Called Strike 0-1: Ground out U3 (Groundball, 3, EV 85.6 MPH)
|
Batting: RHB Joe Aller
|
0-0: Called Strike 0-1: Ball 1-1: Foul Ball, location: 2F 1-2: Ball 2-2: Foul Ball, location: 2F 2-2: Ball 3-2: Foul Ball, location: 2F 3-2: Foul Ball, location: 2F 3-2: Strikes out swinging
|
Bottom of the 4th over - 0 runs, 0 hits, 0 errors, 0 left on base; Vancouver 0 - Boston 3 |
TOP OF THE 5TH |
Vancouver Grey Wolves batting - Pitching for Boston Patriots : RHP Alberto López
|
Batting: LHB Henry Buckley
|
0-0: Ball 1-0: SINGLE (Groundball, 3, EV 83.1 MPH) (infield hit)
|
Batting: SHB Tony Manzanares
|
0-0: Grounds into double play, 6-4-3 (Groundball, 6, EV 84.4 MPH)
|
Batting: LHB Derek Corbin
|
0-0: Ball 1-0: Ball 2-0: Foul Ball, location: 2F 2-1: Ball 3-1: Ground out 6-3 (Groundball, 4M, EV 77.5 MPH)
|
Top of the 5th over - 0 runs, 1 hit, 0 errors, 0 left on base; Vancouver 0 - Boston 3 |
BOTTOM OF THE 5TH |
Boston Patriots batting - Pitching for Vancouver Grey Wolves : RHP Kenny Aarnoutse
|
Batting: RHB Yu-shu Kang
|
0-0: Ball 1-0: Ball 2-0: Called Strike 2-1: Foul Ball, location: 2F 2-2: Strikes out looking
|
Batting: RHB Roland Deschain
|
0-0: Called Strike 0-1: Called Strike 0-2: Ball 1-2: Foul Ball, location: 2F 1-2: Ground out 1-3 (Groundball, P, EV 66.9 MPH)
|
Batting: SHB Temaki Yuka
|
0-0: Swinging Strike 0-1: Ball 1-1: Swinging Strike 1-2: Strikes out looking
|
Bottom of the 5th over - 0 runs, 0 hits, 0 errors, 0 left on base; Vancouver 0 - Boston 3 |
TOP OF THE 6TH |
Vancouver Grey Wolves batting - Pitching for Boston Patriots : RHP Alberto López
|
Batting: RHB David Stone
|
0-0: Foul Ball, location: 2F 0-1: Ball 1-1: Called Strike 1-2: Strikes out swinging
|
Batting: RHB José de la Cavallería
|
0-0: Called Strike 0-1: Foul Ball, location: 2F 0-2: Strikes out swinging
|
Batting: LHB Michael Malloy
|
0-0: Ball 1-0: Called Strike 1-1: Fly out, F8 (Flyball, 8RM, EV 91.9 MPH)
|
Top of the 6th over - 0 runs, 0 hits, 0 errors, 0 left on base; Vancouver 0 - Boston 3 |
BOTTOM OF THE 6TH |
Boston Patriots batting - Pitching for Vancouver Grey Wolves : RHP Kenny Aarnoutse
|
Pitching: LHP Quan Shiu
|
|
Batting: LHB Freddy Díaz
|
0-0: Ball 1-0: SINGLE (Line Drive, 34, EV 94.4 MPH)
|
Batting: SHB Edward Sterrenburg
|
0-0: Called Strike 0-1: Ball 1-1: Foul Ball, location: 2F 1-2: Ball 2-2: Ball 3-2: Base on Balls Freddy Díaz to second
|
Batting: LHB Juan Andrés Martí
|
0-0: Swinging Strike 0-1: Foul Ball, location: 2F 0-2: Strikes out swinging
|
Batting: SHB Eisse van Opdorp
|
0-0: Called Strike 0-1: Ball 1-1: Fly out, F8 (Line Drive, 8LM, EV 88.8 MPH)
|
Batting: RHB Brevyn Spann-Ford
|
0-0: Called Strike 0-1: Foul Ball, location: 2F 0-2: Ball 1-2: Ball Wild Pitch! Freddy Díaz to third Edward Sterrenburg to second 2-2: Foul Ball, location: 2F 2-2: Fly out, F9 (Flyball, 9LSF, EV 95.0 MPH)
|
Bottom of the 6th over - 0 runs, 1 hit, 0 errors, 2 left on base; Vancouver 0 - Boston 3 |
TOP OF THE 7TH |
Vancouver Grey Wolves batting - Pitching for Boston Patriots : RHP Alberto López
|
Batting: LHB Johan Kroening
|
0-0: Called Strike 0-1: Fly out, F2 (Popup, 25F, EV 89.4 MPH)
|
Pitching: RHP Tae-ho Ch'oe
|
|
Batting: LHB Cameron Woolever
|
0-0: Foul Ball, location: 2F 0-1: Called Strike 0-2: Ball 1-2: Ground out 4-3 (Groundball, 4, EV 97.5 MPH)
|
Batting: LHB Gene Ricks
|
0-0: Ball 1-0: Ball 2-0: Ball 3-0: Called Strike 3-1: Base on Balls
|
Batting: LHB Henry Buckley
|
0-0: Ball 1-0: Called Strike 1-1: Swinging Strike 1-2: Ball 2-2: Foul Ball, location: 2F 2-2: Ball 3-2: Foul Ball, location: 2F 3-2: Foul Ball, location: 2F 3-2: Ground out 4-3 (Groundball, 4D, EV 104.4 MPH)
|
Top of the 7th over - 0 runs, 0 hits, 0 errors, 1 left on base; Vancouver 0 - Boston 3 |
BOTTOM OF THE 7TH |
Boston Patriots batting - Pitching for Vancouver Grey Wolves : LHP Quan Shiu
|
Batting: RHB Joe Aller
|
0-0: Ball 1-0: Fly out, F8 (Flyball, 78D, EV 93.8 MPH)
|
Batting: RHB Yu-shu Kang
|
0-0: Called Strike 0-1: Foul Ball, location: 2F 0-2: Ball 1-2: DOUBLE (Line Drive, 7LD, EV 101.9 MPH)
|
Batting: RHB Roland Deschain
|
0-0: Foul Ball, location: 2F 0-1: Ball 1-1: Ball 2-1: Called Strike 2-2: Ground out 6-3 (Groundball, 56, EV 80.6 MPH)
|
Batting: SHB Temaki Yuka
|
0-0: Called Strike 0-1: Called Strike 0-2: Ball 1-2: Fly out, F8 (Line Drive, 8LM, EV 111.2 MPH)
|
Bottom of the 7th over - 0 runs, 1 hit, 0 errors, 1 left on base; Vancouver 0 - Boston 3 |
TOP OF THE 8TH |
Vancouver Grey Wolves batting - Pitching for Boston Patriots : RHP Tae-ho Ch'oe
|
Batting: SHB Tony Manzanares
|
0-0: Fly out, F3 (Popup, 34S, EV 77.5 MPH)
|
Batting: LHB Derek Corbin
|
0-0: Ball 1-0: Ball 2-0: Ball 3-0: Called Strike 3-1: Base on Balls
|
Batting: RHB David Stone
|
0-0: Called Strike 0-1: Ball 1-1: Foul Ball, location: 2F 1-2: Fly out, F8 (Line Drive, 8RD, EV 98.1 MPH)
|
Batting: RHB José de la Cavallería
|
0-0: Ball 1-0: Ball 2-0: Fly out, F4 (Popup, 34, EV 52.5 MPH)
|
Top of the 8th over - 0 runs, 0 hits, 0 errors, 1 left on base; Vancouver 0 - Boston 3 |
BOTTOM OF THE 8TH |
Boston Patriots batting - Pitching for Vancouver Grey Wolves : LHP Quan Shiu
|
Pitching: LHP Sjaak Bonne
|
|
Batting: LHB Freddy Díaz
|
0-0: Ball 1-0: Ground out 6-3 (Groundball, 56D, EV 99.4 MPH)
|
Batting: SHB Edward Sterrenburg
|
0-0: Ball 1-0: Foul Ball, location: 2F 1-1: Ball 2-1: Reached on error, E1 (Groundball, 15, EV 70.0 MPH)
|
Batting: LHB Juan Andrés Martí
|
0-0: Fly out, F7 (Flyball, 78S, EV 82.5 MPH)
|
Batting: SHB Eisse van Opdorp
|
0-0: Ball 1-0: Fly out, F9 (Flyball, 9D, EV 86.2 MPH)
|
Bottom of the 8th over - 0 runs, 0 hits, 1 error, 1 left on base; Vancouver 0 - Boston 3 |
TOP OF THE 9TH |
Vancouver Grey Wolves batting - Pitching for Boston Patriots : RHP Tae-ho Ch'oe
|
Batting: LHB Michael Malloy
|
0-0: Ball 1-0: Ball 2-0: Ball 3-0: Base on Balls
|
Pitching: LHP Jorge Gil
|
|
Batting: LHB Johan Kroening
|
0-0: Foul Ball, location: 2F 0-1: Foul Ball, location: 2F 0-2: Ball 1-2: Strikes out swinging
|
Batting: LHB Cameron Woolever
|
0-0: Foul Ball, location: 2F 0-1: Foul Ball, location: 2F 0-2: Fly out, F8 (Flyball, 8RD, EV 83.1 MPH)
|
Batting: LHB Gene Ricks
|
0-0: Foul Ball, location: 2F 0-1: Ground out 4-3 (Groundball, 4, EV 88.8 MPH)
|
Top of the 9th over - 0 runs, 0 hits, 0 errors, 1 left on base; Vancouver 0 - Boston 3 |
|